[Event "*** Titled Tuesday Blitz"]
[Site "Chess.com"]
[Date "2020.05.19"]
[Round "5"]
[White "cstevens1"]
[Black "TenisMaster"]
[Result "0-1"]
[WhiteElo "2571"]
[BlackElo "2789"]
[TimeControl "180+1"]
[EndTime "12:57:46 PDT"]
[Termination "TenisMaster won on time"]

1. Nf3 d5 2. d4 Nf6 3. Bf4 c5 4. e3 Nc6 5. Nbd2 Bg4 6. c3 e6 7. h3 Bh5 8. Qb3 Qc8 9. dxc5 Bxc5 10. Nd4 e5 11. Nxc6 exf4 12. Nd4 O-O 13. Bd3 fxe3 14.
fxe3 Re8 15. Kf2 Qc7 16. Rae1 Bd6 17. Nf5 Be5 18. Nf3 Bxf3 19. Kxf3 g6 20. Nd4 Bg3 21.
Ref1 Qe5 22. Nc2 Ne4 23. Bxe4 dxe4+ 24. Ke2 Qh5+ 25. Kd2 Re7 26. Nd4 Rc8 27. Qd1 Qa5 28. Qg4 Qc7 29. Kc2 Be5 30. Qxe4 b5 31. Nxb5 Qa5 32. Nd4 Qxa2 33. Qd3 Rb8 34. Rb1 Qa4+ 35. Kd2 Rc7 36. Ke2 Re8 37. Rhd1 Bf4 38. e4 Rce7 39.
Kf1 Rxe4 40. Nf3 Qc6 41. Qd7 Qc4+ 42. Qd3 Qb3 43. Qd7 Re2 44. Qd5 Qc2 45. Ne1 Rf2+ 46. Kg1 Qe2 0-1

[Event "*** Titled Tuesday Blitz"]
[Site "Chess.com"]
[Date "2020.05.19"]
[Round "5"]
[White "aaronmaster123"]
[Black "FearNoEvil12"]
[Result "1-0"]
[WhiteElo "2248"]
[BlackElo "2028"]
[TimeControl "180+1"]
[EndTime "12:57:46 PDT"]
[Termination "aaronmaster123 won on time"]

1. Nf3 b5 2. b4 a6 3. Bb2 Bb7 4. c4 e6 5. c5 Nc6 6. a3 Nf6 7.
d3 a5 8. Qb3 axb4 9. axb4 Rxa1 10. Bxa1 Qa8 11. Bb2 d6 12. Na3 dxc5 13. Nxb5 Qb8 14.
bxc5 Bxc5 15. Bxf6 gxf6 16. d4 Bb4+ 17. Nc3 Ba6 18.
e3 Bxc3+ 19. Qxc3 Qb1+ 20. Kd2 Bxf1 21. Qxc6+ Kf8 22. Qxc7 Kg7 23. Qg3+ Kf8 24. Rxf1 Qxf1 25. Ne1 Rg8 26. Qd6+ Kg7 27. Nd3 Ra8 28. Qg3+ Kh8 29. Qf3 Ra2+ 30. Kc3 Qa1+ 31. Kb3 Qb1+ 32. Kc4 Qc2+ 33.
Kb5 Qxd3+ 34. Kc6 Rc2+ 35. Kd7 Qf5 36. Qa8+ Kg7 37. Ke7 Rc7+ 38. Kd6 Qc2 39. Qf3 Rc6+ 40. Qxc6 Qxf2 41. Qf3 Qxf3 42. gxf3 Kg6 43. Ke7 f5 44. e4 fxe4 45. fxe4 f5 46. exf5+ exf5 47. d5 f4 48. d6 f3 49. d7 f2 50. d8=Q f1=Q 51.
Qg8+ Kh6 52. Qe6+ Kh5 53. Qe5+ Kg6 54. Qe4+ 1-0

[Event "*** Titled Tuesday Blitz"]
[Site "Chess.com"]
[Date "2020.05.19"]
[Round "5"]
[White "JustinWang1234"]
[Black "LiemLe"]
[Result "0-1"]
[WhiteElo "2570"]
[BlackElo "2953"]
[TimeControl "180+1"]
[EndTime "12:57:47 PDT"]
[Termination "LiemLe won by resignation"]

1. Nf3 Nf6 2. c4 b6 3. g3 Bb7 4.
Bg2 c5 5. O-O g6 6. Nc3 Bg7 7. d4 cxd4 8. Qxd4 Nc6 9. Qf4 Qb8 10.
Rd1 Qxf4 11. Bxf4 Nd8 12. Rac1 Ne6 13. Bd2 O-O 14. b3 Rfc8 15. Ng5 Bxg2 16. Kxg2 d6 17. Nxe6 fxe6 18. e4 Nd7 19. f3 a6 20. Ne2 b5 21. cxb5 Rxc1 22. Rxc1 axb5 23. Rc2 Kf7 24. Kf2 Ke8 25. Ke1 Ne5 26. Kf2 Kd7 27. f4 Nc6 28.
Ke3 e5 29. Bc3 Rc8 30. Bb2 exf4+ 31. gxf4 Bxb2 32. Rxb2 h6 33. h4 e5 34. fxe5 Nxe5 35. Rd2 g5 36. hxg5 hxg5 37. Ng3 Rc3+ 38. Kf2 Ng4+ 39.
Kg2 Ne3+ 40. Kf2 Ng4+ 41. Kg2 Nf6 42. Re2 Ke6 43. Nf5 Ke5 44. Ng3 g4 45. Nf1 Nxe4 46.
Nd2 d5 47. Nxe4 dxe4 48. Rd2 Kf4 49. Rd8 Rc2+ 50. Kf1 Rxa2 51. Rf8+ Ke3 52. Rb8 Kf3 53. Rf8+ Kg3 54. Re8 Rb2 55. Rxe4 Rb1+ 56. Ke2 Rxb3 57. Re8 Kg2 58. Rg8 g3 0-1

[Event "*** Titled Tuesday Blitz"]
[Site "Chess.com"]
[Date "2020.05.19"]
[Round "5"]
[White "ChessBitl"]
[Black "Mr_Sinigami"]
[Result "1-0"]
[WhiteElo "2349"]
[BlackElo "2580"]
[TimeControl "180+1"]
[EndTime "12:57:47 PDT"]
[Termination "ChessBitl won by resignation"]

1. e4 c5 2. Nf3 Nc6 3. d4 cxd4 4.
Nxd4 Nf6 5. Nc3 e5 6. Ndb5 d6 7. Nd5 Nxd5 8. exd5 Ne7 9. c4 Ng6 10. Bd3 a6 11. Nc3 Be7 12. O-O O-O 13. Be3 f5 14. f3 Bg5 15. Bf2 Nf4 16. Bc2 Rf6 17. c5 Rh6 18. Bg3 Qe8 19. cxd6 Qh5 20. Qe1 Bd7 21.
Qxe5 Re8 22. Qd4 Nxg2 23. Kxg2 Qh3+ 24. Kf2 Be3+ 25. Qxe3 Rxe3 26. Kxe3 Rf6 27. f4 Rxd6 28. Rae1 h5 29. Kd2 h4 30. Bf2 Qxh2 31. Kc1 Qxf4+ 32.
Kb1 Qg5 33. Bd4 Rg6 34. Rg1 Qh5 35. Rxg6 Qxg6 36. Rg1 Qh6 37. Bxg7 Qxg7 38. Rxg7+ Kxg7 39. Kc1 h3 40. Bd1 Kf6 41. Kd2 Ke5 42. Ke3 f4+ 43.
Kf2 b5 44. a3 a5 45. Bf3 b4 46. axb4 axb4 47. Na2 b3 48. Nc1 Ba4 49. Nd3+ Kf5 50. Nc5 Bd7 51. Nxd7 h2 52. Nc5 1-0

[Event "*** Titled Tuesday Blitz"]
[Site "Chess.com"]
[Date "2020.05.19"]
[Round "5"]
[White "Borsuk_Konstantin"]
[Black "colonelcassad"]
[Result "1-0"]
[WhiteElo "2629"]
[BlackElo "2426"]
[TimeControl "180+1"]
[EndTime "12:57:48 PDT"]
[Termination "Borsuk_Konstantin won by checkmate"]

1. d4 d5 2. c4 c6 3. Nc3 e6 4. e3 f5 5. Qc2 Nf6 6. f3 Nbd7 7. Bd2 Bd6 8. O-O-O O-O 9. Kb1 c5 10.
Nh3 Nb6 11. dxc5 Bxc5 12. cxd5 exd5 13. Nb5 Qe7 14. Nd4 Bd7 15. Rc1 Rac8 16. Qd1 Qe5 17. Nf4 Ba4 18. b3 Bxd4 19. Nd3 Qe7 20. exd4 Rxc1+ 21. Bxc1 Bc6 22. Ne5 Qb4 23. Qd2 a5 24. Qxb4 axb4 25. Bd2 Re8 26. Bxb4 Nbd7 27. f4 Ne4 28.
Be2 Ndf6 29. Rc1 Re6 30. Kb2 h6 31. a4 g5 32. g3 g4 33. a5 Be8 34. Rc7 Nd6 35.
Bd3 h5 36. Bxd6 Rxd6 37. Bxf5 Ra6 38. b4 Rb6 39. axb6 Bb5 40. Rxb7 Ba6 41. Rb8+ Kg7 42. b7 Bxb7 43. Rxb7+ Kh6 44. Rb6 Kg7 45. Rxf6 Kxf6 46. Bd3 Kg7 47. b5 Kf6 48. Kb3 Ke7 49. Kb4 Kd6 50. Ka5 Kc7 51. b6+ Kb8 52. Ba6 Ka8 53. Nc6 h4 54. b7# 1-0

[Event "*** Titled Tuesday Blitz"]
[Site "Chess.com"]
[Date "2020.05.19"]
[Round "5"]
[White "marianokar"]
[Black "StegariuVlad"]
[Result "0-1"]
[WhiteElo "2412"]
[BlackElo "2579"]
[TimeControl "180+1"]
[EndTime "12:57:48 PDT"]
[Termination "StegariuVlad won by resignation"]

1. e4 e5 2. Nf3 Nc6 3. Bb5 a6 4. Ba4 Nf6 5. O-O Be7 6. Re1 b5 7. Bb3 d6 8. c3 O-O 9. h3 Na5 10. Bc2 c5 11. d4 cxd4 12. cxd4 Bb7 13. d5 Nc4 14. b3 Nb6 15. Nbd2 Rc8 16. Nf1 Nfd7 17.
Ne3 g6 18. Bd2 Qc7 19. Rc1 Qb8 20. g4 Nc5 21. Kh2 Nbd7 22. Rg1 Nf6 23. Nf5 gxf5 24. gxf5+ Kh8 25. Ng5 Ncxe4 26. Bxe4 Rxc1 27. Bxc1 Qe8 28. Nxh7 Nxh7 29. f6 Nxf6 30. Qd2 Ng8 31. Bf5 Bc8 32. Qd3 f6 33. Qe4 Bxf5 34. Qxf5 Qf7 35. Rg4 Qh7 36.
Qf3 f5 37. Rg1 e4 38. Qg3 Bf6 39. Bf4 Rf7 40. Bxd6 Rg7 41. Qf4 Rxg1 42. Kxg1 Qg6+ 43. Kf1 Nh6 44. Be5 Nf7 45. Bxf6+ Qxf6 46. h4 Kg7 47. h5 Nd6 48. f3 exf3 49. Kf2 Ne4+ 50. Kxf3 Qc3+ 51.
Kg2 Qd2+ 52. Kh3 Qxf4 0-1

[Event "*** Titled Tuesday Blitz"]
[Site "Chess.com"]
[Date "2020.05.19"]
[Round "5"]
[White "Nikolaj_6"]
[Black "killer311"]
[Result "1-0"]
[WhiteElo "2571"]
[BlackElo "2405"]
[TimeControl "180+1"]
[EndTime "12:57:48 PDT"]
[Termination "Nikolaj_6 won by resignation"]

1. e4 c6 2. d4 d5 3. e5 Bf5 4. h4 h5 5. c4 e6 6. Nc3 Ne7 7. Nge2 dxc4 8. Ng3 Bg6 9. Bxc4 Nd7 10. Bg5 Nb6 11.
Bb3 Qd7 12. Nce4 Nf5 13. Nxf5 Bxf5 14. Ng3 Bb4+ 15. Kf1 Bg6 16. a3 Be7 17. Qd2 Bxg5 18. hxg5 O-O-O 19. Ne2 h4 20. Rc1 Bf5 21. Qe3 Kb8 22.
Rc5 Bg4 23. f3 Bf5 24. Kf2 Rh5 25. Rhc1 Qe7 26. f4 Bg4 27. Nc3 Qd7 28. Bd1 Bxd1 29. Rxd1 Rdh8 30. Kg1 h3 31. g3 h2+ 32. Kh1 Rh3 33. Qf3 Qe7 34. Ne2 f6 35. exf6 gxf6 36. gxf6 Qxf6 37. Rg5 Rf8 38. Qg4 Rh6 39. Nc3 Nd5 40.
Nxd5 cxd5 41. Re5 Rc8 42. Rde1 Rc2 43. f5 exf5 44. Qf4 Kc8 45. Re8+ Kd7 46. R1e7+ Kc6 47. Rc7+ Kb5 48. Rxc2 Qf7 49. Re5 Qd7 50. Qxf5 Qc6 51. Rxd5+ Kb6 52. Rxc6+ 1-0

[Event "*** Titled Tuesday Blitz"]
[Site "Chess.com"]
[Date "2020.05.19"]
[Round "5"]
[White "shrek4life02"]
[Black "WanderingPuppet"]
[Result "0-1"]
[WhiteElo "2483"]
[BlackElo "2334"]
[TimeControl "180+1"]
[EndTime "12:57:48 PDT"]
[Termination "WanderingPuppet won on time"]

1. d4 Nf6 2. Nc3 d5 3. Bg5 c5 4.
Qd2 cxd4 5. Qxd4 Nc6 6. Qd2 d4 7. Nb5 Ne4 8. Qf4 Qa5+ 9. c3 Qxb5 10. Qxe4 Qxg5 11. cxd4 Qa5+ 12. Kd1 Bf5 13. Qf4 Nxd4 14. e4 Rd8 15. Bd3 Nb3 16. axb3 Qxa1+ 17. Kc2 Rc8+ 18. Bc4 Be6 19. Qe5 Bxc4 20. bxc4 Rxc4+ 21. Kd3 Qa6 22. Ke3 Rc8 23. Ne2 e6 24. Rd1 Bc5+ 25. Kf3 O-O 26. Rc1 Qb6 27. h4 Bxf2 28. Rc3 Rxc3+ 29.
Qxc3 Bxh4 30. Nf4 Bf6 31. Qd3 Qc6 32. g4 Rd8 33. Qb3 b6 34. Nh5 Be5 35. Qe3 Qd6 36.
Qg5 Qd1+ 37. Kg2 Qd2+ 38. Qxd2 Rxd2+ 39. Kf3 Rxb2 40. g5 g6 41. Ng3 Bxg3 42. e5 Rb5 43.
Kxg3 Rxe5 44. Kf4 Rf5+ 45. Kg4 a5 46. Kg3 a4 47. Kg4 a3 48. Kg3 a2 49. Kg4 a1=Q 50.
Kg3 Qa4 51. Kh3 Rb5 52. Kg2 Rb3 53. Kf2 Qa2+ 0-1

[Event "*** Titled Tuesday Blitz"]
[Site "Chess.com"]
[Date "2020.05.19"]
[Round "5"]
[White "viviania"]
[Black "StephenDedalus83"]
[Result "0-1"]
[WhiteElo "2811"]
[BlackElo "2767"]
[TimeControl "180+1"]
[EndTime "12:57:49 PDT"]
[Termination "StephenDedalus83 won on time"]

1. e4 g6 2. d4 Bg7 3. c4 d6 4.
Nc3 Nc6 5. Nge2 Nf6 6. f3 O-O 7.
Be3 a6 8. Qd2 Rb8 9. a3 Bd7 10.
b4 e6 11. Rc1 Re8 12. d5 Ne7 13. Bh6 exd5 14. Bxg7 Kxg7 15. cxd5 c6 16. dxc6 Bxc6 17. Nd4 d5 18. e5 Neg8 19. f4 Nd7 20. Be2 f6 21. e6 Nf8 22. f5 Ne7 23. g4 Qd6 24. O-O Rec8 25. Rf3 g5 26. h4 h6 27. Kg2 Nh7 28.
Rh1 gxh4 29. Rxh4 Ng5 30. Rfh3 Rh8 31. Rh1 Be8 32. Nd1 Rc8 33. Nf2 Qc7 34. Nf3 Nxf3 35. Bxf3 Qc3 36. Qf4 Rc4 37. Qd6 Rc7 38. Qh2 Qe5 39.
Rxh6 Qxh2+ 40. R6xh2 Rxh2+ 41. Rxh2 Rc3 42. Kg3 Rxa3 43.
Kf4 Rb3 44. Rh1 Rxb4+ 45. Kg3 Rb3 46. Rc1 Bc6 47. Kf4 Rb4+ 48. Kg3 Rb3 49. Kf4 a5 0-1

[Event "*** Titled Tuesday Blitz"]
[Site "Chess.com"]
[Date "2020.05.19"]
[Round "5"]
[White "DenisQ"]
[Black "FrogMist"]
[Result "1-0"]
[WhiteElo "2552"]
[BlackElo "2392"]
[TimeControl "180+1"]
[EndTime "12:57:50 PDT"]
[Termination "DenisQ won by resignation"]

1. Nf3 Nf6 2. c4 g6 3. Nc3 Bg7 4. g3 O-O 5. Bg2 Nc6 6. O-O d5 7. cxd5 Nxd5 8. Qb3 Nb6 9. d3 e5 10. Bg5 Qd7 11. Ne4 Qe6 12. Qxe6 Bxe6 13. Nc5 Bc8 14. Rac1 Re8 15. a3 a5 16. Rc2 h6 17. Bd2 Bf8 18.
Rfc1 Bxc5 19. Rxc5 Na4 20. Rb5 Nd4 21. Nxd4 exd4 22.
Bxb7 Bxb7 23. Rxb7 Rxe2 24. Bxh6 c5 25. b4 axb4 26. axb4 Nc3 27. bxc5 Raa2 28. Rf1 Nd5 29. Rd7 Nf6 30. Rxd4 Rac2 31. Bg5 Nh7 32. Be3 Nf8 33.
Rc4 Ne6 34. Rxc2 Rxc2 35. Rc1 Rxc1+ 36. Bxc1 Nxc5 37. d4 Nd7 38. Be3 f6 39. g4 Kf7 40.
h4 Ke6 41. Kg2 Nb6 42. h5 Nd5 43. hxg6 Ne7 44. g7 Kf7 45. Kf3 Kxg7 46. Ke4 Kf7 47.
d5 Nc8 48. Bc5 Kg6 49. f4 Kf7 50. Kf5 Kg8 51. Kxf6 Kh7 52. d6 Kh6 53. d7 Nd6 54. Bxd6 1-0

[Event "*** Titled Tuesday Blitz"]
[Site "Chess.com"]
[Date "2020.05.19"]
[Round "5"]
[White "TheoSlade"]
[Black "TheCavemanChesss"]
[Result "1-0"]
[WhiteElo "2407"]
[BlackElo "2535"]
[TimeControl "180+1"]
[EndTime "12:57:50 PDT"]
[Termination "TheoSlade won on time"]

1. d4 Nf6 2. c4 e6 3. g3 d5 4. Bg2 Be7 5. Nf3 O-O 6. O-O dxc4 7. Qc2 b5 8. a4 b4 9. Nfd2 Nd5 10. Nxc4 c5 11. e4 Nb6 12. e5 Nd5 13. dxc5 Ba6 14. Rd1 Nd7 15. c6 Nc5 16. Nbd2 b3 17. Nxb3 Nb4 18. Rxd8 Nxc2 19. Rxa8 Rxa8 20. Nxc5 Bxc5 21. c7 Rc8 22. Nd6 Nxa1 23. Nxc8 Bxc8 24. a5 Bb4 25.
Be3 Bxa5 26. Bxa7 Bxc7 27. b4 Bd7 28. Bf1 Bc6 29. b5 Bd5 30. b6 Bxe5 31. Bg2 Nb3 32.
Bxd5 exd5 33. b7 Kf8 34. Kf1 Ke7 35. Ke2 Ke6 36. b8=Q Bxb8 37. Bxb8 d4 38. Kd3 Kd5 39. Ba7 Nc5+ 40. Kd2 Ne4+ 41. Ke2 f5 42. f3 Nc5 43.
Kd2 g6 44. Bb8 d3 45. Ba7 Kc4 46. Bxc5 Kxc5 47. Kxd3 Kd5 48. Ke3 Ke5 49. Kd3 f4 50. g4 h5 51. gxh5 gxh5 52. Kc4 Kf5 53. h4 Kf6 54.
Kd4 Kf5 55. Kd5 1-0

[Event "*** Titled Tuesday Blitz"]
[Site "Chess.com"]
[Date "2020.05.19"]
[Round "5"]
[White "AleksanderHnydiuk"]
[Black "VolodymyrMolyboha"]
[Result "1-0"]
[WhiteElo "2574"]
[BlackElo "2408"]
[TimeControl "180+1"]
[EndTime "12:57:51 PDT"]
[Termination "AleksanderHnydiuk won by resignation"]

1. Nf3 g6 2. c4 Bg7 3. d4 d6 4. Nc3 Nd7 5. g3 e5 6. Bg2 Ngf6 7. O-O O-O 8. e4 c6 9. h3 Re8 10. Be3 exd4 11. Nxd4 Nc5 12. Qc2 a5 13. Rfe1 Nfd7 14.
Rad1 a4 15. f4 Qa5 16. Bf2 Bf8 17. Nf3 Nb6 18. Nd2 Be6 19. f5 Bxc4 20. b3 Bd3 21. Qb2 axb3 22. axb3 Qb4 23. Na2 Qb5 24. Nc1 Bg7 25. Bd4 Bxd4+ 26. Qxd4 Bc2 27. Nc4 Bxd1 28. Nxd6 Nxb3 29. Nxb3 Qxb3 30. Nxe8 Rxe8 31. Rxd1 Nc4 32. Kh2 Ne5 33. Rd2 Qa3 34. f6 Qf8 35. Rb2 b5 36. Rc2 h5 37. Rc5 Nc4 38. Rxc6 Rd8 39. Qf2 Qe8 40. Rc7 Qe5 41. Re7 Qd6 42. e5 Qd2 43. Qxd2 Rxd2 44. Kg1 Re2 45. Bd5 Nxe5 46. Bxf7+ Kf8 47.
Bd5 b4 48. Kf1 Re3 49. Kf2 Ng4+ 50. hxg4 Rxe7 51. fxe7+ Kxe7 52. gxh5 gxh5 53. Kg2 Kf6 54. Kh3 Kg5 55. Bb3 h4 56. g4 1-0

[Event "*** Titled Tuesday Blitz"]
[Site "Chess.com"]
[Date "2020.05.19"]
[Round "5"]
[White "Skatchkov_V"]
[Black "Vegan4future"]
[Result "1-0"]
[WhiteElo "2549"]
[BlackElo "2383"]
[TimeControl "180+1"]
[EndTime "12:57:51 PDT"]
[Termination "Skatchkov_V won by checkmate"]

1. d4 Nf6 2. c4 g6 3. Nf3 Bg7 4. g3 O-O 5. Bg2 d6 6. O-O a6 7.
Nc3 Nc6 8. h3 Bd7 9. e4 e5 10.
d5 Ne7 11. Be3 h6 12. b4 Ne8 13. Rc1 f5 14. exf5 Nxf5 15. Bd2 Nf6 16. Qc2 Qe8 17. Rce1 Qf7 18. Ne4 Nxe4 19. Qxe4 a5 20. bxa5 g5 21. Bc3 Be8 22. Qb1 Ra7 23. Re2 Qd7 24. Rb2 Qc8 25.
g4 Ne7 26. Nd2 Ng6 27. Be4 Nf4 28.
Kh2 Bd7 29. f3 Ne2 30. Bb4 Nd4 31. Qd3 Qd8 32. Bc3 Qf6 33. Rfb1 Qf4+ 34. Kg2 h5 35.
Nf1 hxg4 36. hxg4 Bxg4 37. fxg4 Qxg4+ 38. Ng3 Rf4 39. Bh7+ Kh8 40. Rh1 Bh6 41. Rxh6 Kg7 42. Rg6+ Kf8 43. Rg8+ Ke7 44. Rg7+ Kf8 45. Rg8+ Ke7 46.
Be4 Qh4 47. Bxd4 exd4 48. Re2 Kf6 49. Bf3 Rf5 50. Qxf5# 1-0

[Event "*** Titled Tuesday Blitz"]
[Site "Chess.com"]
[Date "2020.05.19"]
[Round "5"]
[White "czasnaszachy"]
[Black "Moon_stone123"]
[Result "1-0"]
[WhiteElo "2376"]
[BlackElo "2509"]
[TimeControl "180+1"]
[EndTime "12:57:51 PDT"]
[Termination "czasnaszachy won by checkmate"]

1. e4 c6 2. Ne2 d5 3. e5 c5 4. d4 Nc6 5. c3 Bf5 6. dxc5 e6 7. Nd4 Bg6 8. Nxc6 bxc6 9. Be3 Qc7 10. f4 Nh6 11.
Bd3 Nf5 12. Bf2 Rb8 13. b4 a5 14. a3 Be7 15. O-O O-O 16. Qe2 Rfd8 17. Nd2 Ra8 18.
Nb3 a4 19. Nd4 Nh4 20. Bxh4 Bxh4 21. Bxg6 hxg6 22. Rf3 Be7 23. Raf1 Ra7 24. Rh3 Qd7 25. g4 Re8 26. f5 exf5 27. gxf5 Bf8 28. e6 Qe7 29.
Qg4 Qf6 30. fxg6 Qxg6 31. Qxg6 fxg6 32. Nxc6 Rc7 33. Nd4 Be7 34. Rf7 Rcc8 35. Rhf3 Bf6 36. R3xf6 gxf6 37. Rd7 Kf8 38. c6 Re7 39. b5 f5 40. b6 Rxe6 41. Nxe6+ Ke8 42. Rc7 Rb8 43. b7 f4 44. Rc8+ Kf7 45. Rxb8 f3 46. Rf8+ Ke7 47. b8=Q f2+ 48. Kxf2 d4 49. Qd8+ Kxe6 50. Qd7+ Ke5 51. Re8+ Kf4 52. Qxd4+ Kg5 53. Qe5+ Kg4 54. Qg3+ Kf5 55.
Qf3+ Kg5 56. Re5+ Kh6 57. Qf4+ Kg7 58. Re7+ Kh8 59. Qf6+ Kg8 60. Qg7# 1-0

[Event "*** Titled Tuesday Blitz"]
[Site "Chess.com"]
[Date "2020.05.19"]
[Round "5"]
[White "ChessMavenYeti"]
[Black "colegiodemadrid"]
[Result "0-1"]
[WhiteElo "2092"]
[BlackElo "2375"]
[TimeControl "180+1"]
[EndTime "12:57:52 PDT"]
[Termination "colegiodemadrid won on time"]

1. e4 e5 2. Bc4 Nf6 3. d3 c6 4. Nc3 Be7 5. Nf3 d6 6. O-O O-O 7.
a4 Nbd7 8. d4 exd4 9. Nxd4 Nc5 10. Re1 a5 11. b3 Qb6 12. Bb2 Bg4 13. Qd2 Rfe8 14. h3 Bc8 15. Nf5 Bxf5 16. exf5 d5 17. Bf1 Bd6 18. Rad1 Qc7 19. Ne2 Nfe4 20. Qe3 Bh2+ 21.
Kh1 Ng3+ 22. Nxg3 Rxe3 23. Rxe3 Bxg3 24. Rxg3 g6 25. Re1 Ne4 26. Rf3 Re8 27. Kg1 Qd7 28.
fxg6 hxg6 29. Rfe3 Nd6 30. Bd3 Rxe3 31. Rxe3 c5 32.
Re5 c4 33. Be2 Qc6 34. Bf3 c3 35. Ba3 Ne4 36. Re7 Ng5 37. Be2 Qf6 38. Re8+ Kh7 39.
Bc5 Ne6 40. Be3 d4 41. Bc1 Qe5 42. Bf1 Qf5 43. Bd3 Qe5 44. Ba3 Qe1+ 45. Kh2 Qxf2 46. Re7 Qf4+ 47. Kg1 Qe3+ 48. Kh2 Qe5+ 49. Kh1 Kg7 50.
Rxb7 Qe1+ 51. Kh2 Qe5+ 52. Kh1 Qg3 53. Ra7 Nf4 54. Bf1 Qf2 0-1

[Event "*** Titled Tuesday Blitz"]
[Site "Chess.com"]
[Date "2020.05.19"]
[Round "5"]
[White "Prostochendir"]
[Black "guillembaches"]
[Result "0-1"]
[WhiteElo "2168"]
[BlackElo "2404"]
[TimeControl "180+1"]
[EndTime "12:57:52 PDT"]
[Termination "guillembaches won on time"]

1. e4 c5 2. Nf3 d6 3. Bc4 e6 4. O-O Nf6 5. Re1 Be7 6. d4 cxd4 7. Nxd4 O-O 8. Nc3 a6 9. a4 Qc7 10. Bd3 b6 11. f3 Bb7 12. Be3 Nbd7 13. Bf1 Ne5 14. Qe2 Rac8 15. Qf2 Nfd7 16. Qg3 Kh8 17. Rad1 Nc4 18. Bc1 Qc5 19. Kh1 Qh5 20.
Nce2 Qh4 21. b3 Qxg3 22. hxg3 Na5 23. Bb2 Nc6 24. Nxc6 Bxc6 25. Nd4 Bb7 26. Bd3 Rfd8 27. f4 Nc5 28. Ba3 Bf6 29. Nf3 Nxd3 30. cxd3 Bc3 31. Re2 b5 32. axb5 axb5 33. b4 d5 34. exd5 Bxd5 35.
Ne5 Kg8 36. Bb2 Bxb4 37. Ng4 Bc3 38. Bxc3 Rxc3 39. Rb2 Rb8 40. Ne5 b4 41. d4 b3 42.
Nd3 Rc2 43. Rd2 Rbc8 44. Nc5 Rc1+ 45. Kh2 Rc3 46. g4 g6 47. f5 Kg7 0-1

[Event "*** Titled Tuesday Blitz"]
[Site "Chess.com"]
[Date "2020.05.19"]
[Round "5"]
[White "Rodalquilar"]
[Black "David_Paravyan"]
[Result "1-0"]
[WhiteElo "2651"]
[BlackElo "2868"]
[TimeControl "180+1"]
[EndTime "12:57:53 PDT"]
[Termination "Rodalquilar won by resignation"]

1. d4 Nf6 2. c4 e6 3. Nc3 Bb4 4. Qc2 O-O 5. e4 d6 6. e5 dxe5 7. dxe5 Nfd7 8. Nf3 Nc6 9. Bf4 f6 10. Bd3 Ndxe5 11. Bxe5 fxe5 12. Bxh7+ Kh8 13. Be4 Nd4 14. Qc1 Rf4 15. Qe3 Bc5 16. O-O-O Qf6 17. Kb1 Bd7 18.
g3 Rg4 19. h3 Rxe4 20. Nxe4 Qf5 21. Nh4 Qh7 22. Qd3 Bc6 23. Nxc5 Bxh1 24. Qxh7+ Kxh7 25.
Rxh1 Rf8 26. Ne4 a6 27. Rd1 Kh6 28. f4 Nf5 29. Nxf5+ exf5 30. Ng5 exf4 31. gxf4 Re8 32. Rd7 Re1+ 33. Kc2 Rf1 34. Ne6 Rf2+ 35. Kc3 Rf3+ 36. Rd3 Rf2 37. Rg3 g6 38. Rd3 c6 39. Rd8 Rf3+ 40.
Kd4 g5 41. fxg5+ Kg6 42. Ke5 Re3+ 43. Kd6 Rd3+ 44. Ke7 Re3 45. Rg8+ Kh5 46. Kf6 Kh4 47. Rh8+ Kg3 48. g6 f4 49. g7 f3 50. g8=Q+ Kh2 51.
Qg5 f2 52. Qf4+ Kg2 53. Rg8+ Kf1 54. Qxe3 1-0

[Event "*** Titled Tuesday Blitz"]
[Site "Chess.com"]
[Date "2020.05.19"]
[Round "5"]
[White "poummba"]
[Black "Evgeny81"]
[Result "0-1"]
[WhiteElo "2445"]
[BlackElo "2711"]
[TimeControl "180+1"]
[EndTime "12:57:53 PDT"]
[Termination "Evgeny81 won on time"]

1. e4 e6 2. d4 d5 3. Nc3 Nf6 4. Bg5 Bb4 5. Bd3 dxe4 6. Bxe4 h6 7. Bxf6 Qxf6 8. Nf3 c5 9. Qd3 Nc6 10. a3 Ba5 11. dxc5 Bxc3+ 12. Qxc3 Qxc3+ 13. bxc3 Bd7 14. Rb1 O-O-O 15. Nd4 Na5 16. Nb3 Nc4 17. Bxb7+ Kxb7 18. Na5+ Kc7 19. Nxc4 Bc6 20. O-O Rd5 21. Na5 Rxc5 22. Nxc6 Kxc6 23. Rb3 Rd8 24. f3 Re5 25. g3 Rd2 26.
Rf2 Re1+ 27. Kg2 Ree2 28. Rxe2 Rxe2+ 29. Kh3 Rxc2 30. f4 f5 31. a4 g5 32. fxg5 hxg5 33. a5 g4+ 34. Kh4 Rxh2+ 35. Kg5 Rf2 36. a6 Rf3 37. Rb7 Rxg3 38. Rxa7 Rxc3 39. Re7 Kd6 40.
Kf6 g3 41. Rxe6+ Kd5 42. a7 Ra3 43. Kxf5 g2 44. Rg6 Rf3+ 45. Kg4 g1=Q+ 46. Kxf3 Qf1+ 47. Kg4 Qg2+ 48. Kh5 Qh2+ 49. Kg5 Qg1+ 50. Kh6 Qxa7 51. Rg7 Qf2 52. Rg5+ Ke6 53. Kg6 Qf3 54. Kh6 Qf4 0-1

[Event "*** Titled Tuesday Blitz"]
[Site "Chess.com"]
[Date "2020.05.19"]
[Round "5"]
[White "26andrej26"]
[Black "GothamChess"]
[Result "1-0"]
[WhiteElo "2444"]
[BlackElo "2605"]
[TimeControl "180+1"]
[EndTime "12:57:53 PDT"]
[Termination "26andrej26 won on time"]

1. e4 c6 2. Nc3 d5 3. d4 a6 4. Nf3 Bg4 5. h3 Bxf3 6. Qxf3 e6 7. Bd3 Nf6 8. e5 Nfd7 9. Ne2 c5 10. c3 Nc6 11.
O-O g6 12. Bf4 Bg7 13. Rac1 O-O 14. Rfd1 Qb6 15. b3 Rac8 16. Bb1 cxd4 17. cxd4 f6 18. exf6 Nxf6 19. Bd6 Rf7 20. Qe3 Re8 21. Be5 Nxe5 22. dxe5 Qxe3 23. fxe3 Nd7 24. e4 dxe4 25. Rc7 Nxe5 26.
Rxf7 Kxf7 27. Bxe4 Re7 28. Rd8 Rc7 29. Rb8 Nc6 30.
Bxc6 bxc6 31. Rb6 Ke7 32. Rxa6 Kd6 33. Kf2 Kd5 34. Ke3 Bh6+ 35. Kd3 e5 36. Nc3+ Kc5 37. Ne4+ Kb5 38. Ra4 Rd7+ 39. Ke2 Rd4 40. Nc3+ Kc5 41. Rxd4 exd4 42. Ne4+ Kb4 43. Kd3 Be3 44. Nf6 h5 45. Nd7 Ka3 46. Ne5 Kxa2 47. Nxc6 Kxb3 48. Nxd4+ Bxd4 49. Kxd4 Kc2 50. Ke5 Kd3 51. Kf6 Ke3 52. Kxg6 h4 53. Kg5 Kf2 54. Kxh4 1-0

[Event "*** Titled Tuesday Blitz"]
[Site "Chess.com"]
[Date "2020.05.19"]
[Round "5"]
[White "Chepaschess"]
[Black "Aemulus20"]
[Result "0-1"]
[WhiteElo "2796"]
[BlackElo "2594"]
[TimeControl "180+1"]
[EndTime "12:57:54 PDT"]
[Termination "Aemulus20 won by resignation"]

1. Nf3 c5 2. c4 g6 3. g3 Bg7 4.
Bg2 Nc6 5. Nc3 e5 6. O-O d6 7. d3 Nge7 8. Ne1 Be6 9. Bg5 f6 10. Be3 O-O 11. Nc2 Qd7 12. Rb1 b6 13. Nd5 Rad8 14. b4 Nd4 15. Bd2 Nxd5 16. cxd5 Bh3 17. e4 Bxg2 18. Kxg2 Nxc2 19. Qxc2 f5 20. f3 h5 21. Bg5 Rc8 22. Qb3 Kh7 23. Rbc1 Bh6 24. Bxh6 Kxh6 25. bxc5 bxc5 26. Rb1 fxe4 27. dxe4 g5 28.
Qe3 Kg6 29. Rb2 Rb8 30. Rfb1 Rxb2+ 31. Rxb2 h4 32. gxh4 gxh4 33. Kh1 Rf4 34. Rg2+ Kh5 35. Qg1 Qf7 36. Rg5+ Kh6 37. Rg8 Kh7 38. Rg4 Rxg4 39. Qxg4 Qf6 40. Qd7+ Kh6 41. Kg2 Qg7+ 42. Qxg7+ Kxg7 43. f4 exf4 44. Kf3 Kf6 45. Kxf4 h3 46. e5+ dxe5+ 47. Ke4 c4 48. a3 a6 49. a4 a5 50.
Kf3 Ke7 51. Ke3 Kd6 52. Ke4 c3 53. Kd3 c2 54. Kc3 c1=Q+ 0-1

[Event "*** Titled Tuesday Blitz"]
[Site "Chess.com"]
[Date "2020.05.19"]
[Round "5"]
[White "Kislov_Oleg"]
[Black "Keks2017"]
[Result "1/2-1/2"]
[WhiteElo "2366"]
[BlackElo "2511"]
[TimeControl "180+1"]
[EndTime "12:57:54 PDT"]
[Termination "Game drawn by repetition"]

1. e4 d6 2. d4 Nf6 3. Nc3 g6 4. Be3 c6 5. f3 Nbd7 6. Qd2 b5 7. Nh3 Bb7 8. a3 a6 9. Nf2 Bg7 10. Be2 O-O 11. O-O Qc7 12. Bh6 c5 13. Bxg7 Kxg7 14.
d5 Nb6 15. f4 b4 16. Ncd1 a5 17. Ne3 e6 18. Neg4 Nxg4 19. Nxg4 f5 20. Ne3 exd5 21.
Nxd5 Bxd5 22. exd5 Rae8 23. axb4 axb4 24. Bb5 Re7 25. Rfe1 Rff7 26. b3 Rxe1+ 27. Rxe1 Re7 28. Bc6 Kf7 29. Kf2 Nc8 30. Ra1 Re4 31. g3 Ne7 32.
Ra6 Nxc6 33. Rxc6 Qe7 34. Ra6 Rd4 35. Qe3 Qxe3+ 36. Kxe3 Rxd5 37. Ra7+ Kf6 38. Rxh7 Rd1 39. Rd7 Ke6 40. Rg7 Kf6 41. Rd7 Rd4 42. h3 Re4+ 43. Kf3 Rd4 44. g4 Ke6 45. Rg7 fxg4+ 46. hxg4 Kf6 47.
Rd7 d5 48. Ke3 Re4+ 49. Kf3 Rd4 50. Rd6+ Kf7 51. Rd7+ Ke6 52. Rg7 Kf6 53. Rd7 Ke6 54. Rg7 Kf6 55. Rd7 Ke6 1/2-1/2